[Event "FIDE WY-U16 Olympiad 2022"]
[Site "Nakhchivan"]
[Date "2022.10.02"]
[Round "1.24"]
[White "Sabitov, Ilyas"]
[Black "Nasibova, Narmin"]
[Result "1-0"]
[ECO "B12"]
[WhiteElo "1924"]
[BlackElo "1504"]
[Annotator "TA"]
[PlyCount "151"]
[EventDate "2022.10.02"]
[EventType "team-tourn"]
[EventCountry "AZE"]
[SourceTitle "playchess.com"]
[Source "ChessBase"]
[SourceQuality "1"]
[WhiteTeam "Kazakhstan"]
[BlackTeam "Azerbaijan"]
[WhiteTeamCountry "KAZ"]
[BlackTeamCountry "AZE"]
[TimeControl "40/5400+30:1800+30"]

1. e4 c6 2. d4 d5 3. e5 Bf5 4. Nf3 e6 5. Be2 Nd7 6. O-O c5 7. Be3 Rc8 {[%emt 0:02:31][%cal Of5c2] B12: Caro-Kann: Advance Variation.} 8. Nc3 ({Better is} 8. c3 $14) 8... a6 $15 9. dxc5 Bxc5 {[%emt 0:03:02] Black is slightly better.} 10. Nd4 Bg6 11. f4 Ne7 12. g4 (12. Bd3 $15) 12... O-O {[%emt 0:14:00] [#]} 13. Qd2 $146 ({Predecessor:} 13. Bd3 Bxd3 14. Qxd3 Nc6 15. Nxc6 Rxc6 16. Rf3 Bxe3+ 17. Qxe3 Qb6 18. Rd1 Qxe3+ 19. Rxe3 {0-1 (45) Hintikka,E (2112)-Aaltio,E (2170) Helsinki 2010}) 13... b5 14. a3 Qc7 15. Rf2 h6 16. Raf1 Bh7 17. Bd3 Bxd3 18. Qxd3 Bb6 19. Qd1 Nc5 20. Qf3 g6 $2 (20... Nc6 $15 21. Rd1 Nd7) 21. Qh3 $18 Ne4 $2 (21... f5 {was necessary.} 22. Qxh6 Rf7) 22. Rf3 $2 (22. Nxe4 $18 {Threatens to win with Nf6+.} dxe4 23. Qxh6 Bxd4 24. Bxd4) 22... Bxd4 $11 (22... Nxc3 $2 23. Qxh6 Ne2+ 24. Nxe2 $18) 23. Bxd4 Nd2 $2 (23... h5 $11) 24. Qxh6 $18 Nxf3+ 25. Rxf3 {[%emt 0:00:07] Rh3 would kill now.} f5 26. Rh3 $4 (26. exf6 $18 {was the only winning move.} Rxf6 27. Bxf6) 26... Kf7 $19 {[%emt 0:00:10] Inhibits Qg7+. White must now prevent ...Rh8.} 27. gxf5 (27. Qg5 $17 Ke8 28. Bf2) 27... Nxf5 28. Qg5 {[%emt 0:00:40] Hoping for Qf6+.} Nxd4 $4 (28... Kg7 $19 {and all is fine.} 29. Bf2 Qd8) 29. Rh7+ $18 {[%emt 0:00:18][%mdl 64] Skewer} Ke8 30. Rxc7 Rxc7 31. Kg2 {[%emt 0:00:23] Against Nf3} ({White must play} 31. Qxg6+ $18 Rff7 32. Nxd5 $1 Rxc2 33. f5 $1) 31... Rcf7 (31... Kd7 $5 ) 32. Qxg6 {[%emt 0:00:33][%cal Oc3d5] And now Nxd5! would win.} Kd7 33. Nxd5 exd5 34. Qd6+ Ke8 35. Qb8+ Ke7 36. Qa7+ Ke6 $2 (36... Ke8 $11 37. Qxd4 Rxf4 38. Qxd5 Rg4+ 39. Kh3 Rg6 40. Qa8+ Ke7 41. Qa7+ (41. Qb7+ Ke8 $11) 41... Ke8 42. Qb8+ (42. Qa8+ Ke7 $11) 42... Ke7 43. Qc7+ Ke8) 37. Qb6+ (37. Qxd4 Rxf4 38. Qe3 Rg8+ 39. Kh3 Rf5 40. Qh6+ Kxe5 $11) 37... Ke7 38. Qxd4 {[%emt 0:00:41] Dancing on a razor blade.} Rxf4 {[%emt 0:00:08][%mdl 4096] Endgame [#] KQ-KRR} 39. Qc5+ $1 (39. Qxd5 Rg4+ 40. Kh3 Rg6 41. Qb7+ Ke8 $11) 39... Ke8 40. Qc6+ (40. Qxd5 Rg4+ 41. Kh3 Rg6 42. Qa8+ Ke7 43. Qa7+ (43. Qb7+ Ke8 $11) 43... Ke8 $11) 40... Ke7 $2 (40... Kf7 41. Kg3 (41. Qxa6 Rg8+ 42. Kh3 Rf3+ 43. Kh4 Rf4+ 44. Kh5 Rf5+ 45. Kh4 Rf4+ 46. Kh3 Rf3+ 47. Kh4 Rf4+ $11) 41... Kg7 42. Qxd5 (42. Qxa6 Rf3+ 43. Kg2 Rf2+ 44. Kh3 R2f3+ 45. Kh4 R3f4+ 46. Kg3 Rf3+ 47. Kg2 Rf2+ 48. Kh3 R2f3+ 49. Kh4 R3f4+ 50. Kh3 Rf3+ $11) 42... R4f7) 41. Qd6+ (41. Qc7+ $142 Ke6 42. Qd6+ Kf7 43. e6+ Kg7 44. e7) 41... Ke8 42. Qe6+ (42. Qxa6 Rg8+ 43. Kh3 Rf3+ 44. Kh4 Rf4+ 45. Kh3 Rf3+ 46. Kh4 Rf4+ 47. Kh5 Rf5+ 48. Kh6 Kf7 49. e6+ (49. Qb7+ Ke6 $11) 49... Kf6 50. e7+ Kxe7 $11) (42. Qxd5 Rg4+ 43. Kh3 Rg6 44. Qa8+ Kf7 45. e6+ Rxe6 $16) 42... Kd8 43. Qxd5+ Kc7 (43... Ke8 $142 44. Qe6+ Kd8 45. Qd6+ Ke8 46. Qe6+ Kd8 47. Qb6+ Ke8 48. Qe6+) 44. e6 Rg4+ 45. Kh3 Rgg8 46. e7 Rh8+ 47. Kg4 Rfg8+ 48. Kf4 Rh4+ 49. Ke3 Rhh8 (49... Re8 50. Qc5+ Kd7 51. Qa7+ Ke6 52. Qxa6+ Kxe7 53. Qxb5 Rxh2) 50. h4 Re8 51. Qe5+ (51. Qe4 $142) 51... Kd7 52. Kd3 {[%emt 0:00:06] Strongly threatening Qe4.} Rxh4 (52... Rh6 {was worth a try.} 53. Qf5+ Re6) 53. Qd5+ Kc7 54. Qc5+ Kb7 $2 (54... Kd7 55. Qa7+ Kd6 56. Qxa6+ Kxe7 57. Qxb5 Rh3+ 58. Kc4 Re3) 55. Qd6 {[%emt 0:00:49] Threatening mate with Qd7+.} Rh3+ 56. Ke4 {[%emt 0:00:37] White threatens Qd7+ and mate.} Rhh8 57. Qd7+ Kb8 58. Kf5 Rh5+ 59. Kg6 Rhh8 60. Kf7 Rc8 61. e8=Q Rhxe8 62. Qxe8 Rxe8 63. Kxe8 {[%emt 0:00:06] K3P-KPP} Kc7 64. Ke7 Kc6 65. Ke6 Kc5 66. Ke5 a5 67. b3 a4 68. Ke4 axb3 69. cxb3 {[%emt 0:00:00] KPP-KP} Kd6 70. Kd4 Kc6 {[%emt 0:00:24] [#]} 71. Ke4 $2 (71. Ke5 $1 {mates} Kc5 72. b4+ Kc6 73. Ke6 Kb7 74. Kd5 Kb6 75. Kd6 Ka7 76. Kc5) 71... Kd6 $11 72. Kd3 {[%emt 0:00:00] White wants to mate with Ke4.} Ke6 $2 (72... Kc6 $11) 73. Kd4 {[%emt 0:00:00] White mates.} Kd6 74. b4 Kc6 75. Ke5 Kc7 76. Kd5 {[%emt 0:00:00] Weighted Error Value: White=0.55/Black=0.68} 1-0

[Event "FIDE WY-U16 Olympiad 2022"]
[Site "Nakhchivan"]
[Date "2022.10.02"]
[Round "1.25"]
[White "Caputcuoglu, Zeki Berke"]
[Black "Levitan, Caleb Levi"]
[Result "1-0"]
[ECO "B42"]
[WhiteElo "2370"]
[BlackElo "2063"]
[Annotator "TA"]
[PlyCount "191"]
[EventDate "2022.10.02"]
[EventType "team-tourn"]
[EventCountry "AZE"]
[SourceTitle "playchess.com"]
[Source "ChessBase"]
[SourceQuality "1"]
[WhiteTeam "Turkey"]
[BlackTeam "South Africa"]
[WhiteTeamCountry "TUR"]
[BlackTeamCountry "RSA"]
[TimeControl "40/5400+30:1800+30"]

1. e4 c5 2. Nf3 e6 3. d4 cxd4 4. Nxd4 a6 5. Bd3 Bc5 6. Nb3 Ba7 7. O-O Nc6 8. Qg4 Qf6 {[%emt 0:01:03] B42: Sicilian: Kan Variation: 5 Bd3.} 9. Nc3 Nge7 10. Kh1 (10. Bg5 $5 Qg6 11. Qh4 $14) 10... Ne5 {[%emt 0:03:32] The position is equal.} 11. Qe2 Nxd3 12. cxd3 {[%emt 0:00:05] [#]} O-O $146 ({Predecessor:} 12... d6 13. Be3 O-O 14. f4 b5 15. Bxa7 Rxa7 16. Qe3 Rc7 17. Qb6 Rd7 18. Na5 e5 19. fxe5 Qxe5 {0-1 (87) Vignesh,N (2156)-Karthikeyan,M (2325) Nagpur 2012}) 13. Be3 Bxe3 14. Qxe3 d5 15. e5 Qg6 16. Nd4 Bd7 17. f4 Nf5 18. Nxf5 Qxf5 19. Ne2 Rac8 20. Nd4 Qg6 21. Rf3 f5 22. Rff1 Qe8 23. Rac1 Qe7 24. Qd2 Rc5 25. Nb3 Rcc8 26. Nd4 (26. a3 $14) 26... b6 (26... Rc5 $1 $11) 27. Rxc8 Rxc8 28. Rc1 Rc5 29. a3 a5 30. Rxc5 bxc5 $14 {[%emt 0:02:26][%mdl 4096] Endgame KQB-KQN} 31. Nf3 Qd8 32. Qc3 Qb6 33. d4 c4 34. h3 Be8 35. Nd2 Ba4 36. Nf1 h6 37. Qd2 Qb3 {[%emt 0:04:19][%cal Oc4c3] Black wants to play ...c3!} 38. Kh2 Qd1 39. Qxd1 Bxd1 $11 {[%emt 0:00:09] KB-KN} 40. Ne3 Ba4 41. g4 g6 42. Kg3 Kf7 43. Kh4 Kg7 44. Kg3 Kf7 45. Kf2 Ke7 46. Ke2 Kd8 47. Kd2 Kc7 (47... Ke7 $11 {keeps the balance.}) 48. Ng2 Kb6 49. Nh4 Be8 50. Kc3 (50. g5 $1 $14 h5 51. Kc3) 50... Kc6 (50... fxg4 $11 51. hxg4 h5) 51. Nf3 (51. g5 $1 $14 hxg5 52. fxg5) 51... Kb6 (51... fxg4 $11 52. hxg4 Kc7) 52. Nd2 (52. g5 $1 $16 h5 53. b3) 52... Ba4 {[%emt 0:00:00] [#]} (52... fxg4 $1 $11 {remains equal.} 53. hxg4 h5) 53. Nf1 (53. g5 $1 $16 h5 54. b3 Bxb3 55. Nxb3 cxb3 56. Kxb3) 53... Bd1 54. Nh2 Ka6 (54... fxg4 $11 55. Nxg4 Bxg4 56. hxg4 h5) 55. Kd2 $14 Ba4 56. h4 (56. g5 $14 h5 57. Nf3) 56... Be8 $11 57. h5 (57. Kc3 $11) 57... fxg4 $17 ({Worse is} 57... gxh5 58. gxf5 exf5 59. Nf3 $11) 58. Nxg4 gxh5 59. Nxh6 (59. Nf2 $17) 59... Bg6 $19 {[%emt 0:03:42] Hoping for ...Kb5.} 60. Ng8 $2 (60. Ke3 {is tougher.}) 60... Kb6 $2 (60... h4 $19 {and Black stays clearly on top.} 61. Nf6 Bf5) 61. Ne7 $17 Be4 (61... Bh7 $17 {Threatens to win with ...h4.} 62. Nc8+ Kb5) 62. Ke3 $11 {[%emt 0:00:55] And now Nc8+ would win.} Kc7 {[%emt 0:00:45] Prevents Nc8.} 63. Ng8 $1 h4 64. Kf2 $1 Kd8 65. Kg1 Bf5 $2 (65... Ke8 $11 {and Black stays safe.}) 66. Kh2 $18 {[%emt 0:00:14] aiming for Nh6.} Ke8 {[%emt 0:00:26] [#]} (66... Kd7 $142 67. Nh6 Bg6) 67. Nh6 $1 Bd3 68. Kh3 Kf8 69. Kxh4 Kg7 70. Kg5 Bc2 71. Ng4 Kf7 72. Nf6 Ke7 73. f5 {[%emt 0:00:52] Strongly threatening Ng8+.} Bxf5 {[%emt 0:01:59] [#]} 74. Nxd5+ $1 Kf7 75. Nb6 Bd3 76. Nd7 Be4 (76... Ke7 $142 77. Nc5 Bf1) 77. Kf4 Bc6 78. Nb6 Bb5 79. Ke3 Ke7 80. Kd2 Kd8 81. Kc3 Kc7 82. Nxc4 a4 83. Kb4 Bd7 84. Kc5 Bc6 85. Nd2 Bd5 86. Nb1 {[%emt 0:00:06] White wants to mate with Nc3.} Bb3 87. Nc3 Kd7 88. Ne4 (88. Kb5 $142 Kc7 89. Nxa4 Bd5 90. Nc3 Bg2 91. a4 Kd8 92. Kc5 Bf3 93. b4) 88... Bc2 89. Nc3 $2 (89. Nd6 $18 Ke7 90. Nb5) 89... Kc7 $2 (89... Bb3 $11 90. Kb5 Kc8 91. Nxa4 Bd1) 90. d5 {[%emt 0:01:15] White mates.} exd5 91. e6 d4 92. Nd5+ Kd8 93. Kxd4 Bb3 94. Ke5 Ke8 95. Kd6 Bd1 96. Nf6+ {[%emt 0:00:07] Quite a comeback for White.  Weighted Error Value: White=0.23 (precise) /Black=0.27 (precise)} 1-0

[Event "FIDE WY-U16 Olympiad 2022"]
[Site "Nakhchivan"]
[Date "2022.10.02"]
[Round "1.25"]
[White "Soojay, Jorah"]
[Black "Baranciuc, Alexandr"]
[Result "1-0"]
[ECO "B07"]
[WhiteElo "1573"]
[BlackElo "2184"]
[Annotator "TA"]
[PlyCount "51"]
[EventDate "2022.10.02"]
[EventType "team-tourn"]
[EventCountry "AZE"]
[SourceTitle "playchess.com"]
[Source "ChessBase"]
[SourceQuality "1"]
[WhiteTeam "South Africa"]
[BlackTeam "Moldova"]
[WhiteTeamCountry "RSA"]
[BlackTeamCountry "MDA"]
[TimeControl "40/5400+30:1800+30"]

1. e4 d6 2. d4 Nf6 3. Nc3 g6 4. Be3 a6 5. h3 b5 6. e5 $1 {[%emt 0:22:25] B07: Pirc Defence: Miscellaneous Systems.} Nfd7 7. f4 {[%emt 0:00:30] White is more active.} Bb7 8. Nf3 {[%emt 0:00:57] White is slightly better.} Bg7 9. Bd3 O-O 10. O-O c5 {[%emt 0:00:30] [#]} 11. dxc5 $146 (11. Be4 {looks sharper.} Bxe4 12. Nxe4 Nc6 13. c3) ({Predecessor:} 11. Be4 Bxe4 12. Nxe4 cxd4 13. Bxd4 Nc6 14. exd6 Nxd4 15. Nxd4 Qb6 16. c3 exd6 17. Kh1 {0-1 (59) Sadykov,R (2345)-Aitbayev,A (2475) Chess.com INT 2021}) 11... dxe5 (11... Nxc5 $11 12. Bxc5 dxc5) 12. fxe5 (12. f5 $1 $16) 12... Nxe5 $11 13. Nxe5 Bxe5 14. Qe1 Qc7 15. Rb1 (15. b4 $11) 15... Nd7 $15 (15... Qc6 16. Be4 Qc8 17. Nd5 Bxd5 18. Bxd5 $16) 16. b4 Nf6 (16... Qc6 17. Be4 Qc7 18. Bxb7 Qxb7 19. Rd1 $14) (16... f5 $5 17. Be2 f4 $17) 17. Bh6 Nh5 {[%emt 0:00:30] ...Bh2+ is the strong threat.} (17... Qc6 18. Rf2 (18. Rf3 Qc7 $17) 18... Bd4 19. Be3 $11) 18. Ne2 ({Avoid the trap} 18. Bxf8 $2 Bh2+ 19. Kh1 Ng3+ 20. Qxg3 Bxg3 $19) 18... Rfd8 ({Don't do} 18... Qc6 19. Qf2 $14) 19. Qh4 Rd7 20. Be4 Bh2+ (20... Bf6 $1 $17 21. Qg4 Rd4 $1) 21. Kh1 $11 {[%emt 0:00:30] Dancing on a razor blade.} Ng3+ (21... Be5 $11) 22. Nxg3 $16 Bxg3 23. Qg4 $40 {[%emt 0:00:30][%cal Of1f7][%mdl 128] And now Rxf7! would win. White goes for the king.} Rd4 $2 {[%emt 0:00:30][%mdl 8192] [#]} (23... Bxe4 $16 24. Qxe4 Rdd8) 24. Qf3 $1 Rd7 (24... Bf4 25. Bxb7) 25. Qg4 (25. Qxf7+ $142 Kh8 26. Bg7#) 25... Rd4 $18 {[%emt 1:17:33] [#]} 26. Qf3 $2 {[%emt 0:00:48][%mdl 32768] Weighted Error Value: White=0.49/Black=0.52. Loss on time!?} 1-0

[Event "FIDE WY-U16 Olympiad 2022"]
[Site "Nakhchivan"]
[Date "2022.10.02"]
[Round "1.26"]
[White "Cebotari, Stanislav"]
[Black "Chang, Sebastian"]
[Result "1-0"]
[ECO "A05"]
[WhiteElo "2047"]
[BlackElo "1430"]
[Annotator "TA"]
[PlyCount "77"]
[EventDate "2022.10.02"]
[EventType "team-tourn"]
[EventCountry "AZE"]
[SourceTitle "playchess.com"]
[Source "ChessBase"]
[SourceQuality "1"]
[WhiteTeam "Moldova"]
[BlackTeam "South Africa"]
[WhiteTeamCountry "MDA"]
[BlackTeamCountry "RSA"]
[TimeControl "40/5400+30:1800+30"]

1. Nf3 Nf6 2. g3 Nc6 3. Bg2 e5 4. d3 Bc5 5. O-O d5 {[%emt 0:02:53] [#]} 6. c3 (6. Nxe5 $1 $14 {might be stronger.} Nxe5 7. d4) 6... O-O {[%emt 0:01:52] A07: Réti Opening: New York and Capablanca Systems.} 7. b4 Bd6 8. a3 {[%emt 0:04:02] [#]} Re8 $146 {[%emt 0:10:35] The position is equal.} ({Predecessor:} 8... Bg4 9. h3 Be6 10. Nbd2 Qd7 11. Kh2 e4 12. dxe4 dxe4 13. Ng5 Bf5 14. Ndxe4 Be5 {1-0 (32) Kennedy,P-Yarur Elsaca,D (1730) Caleta 2011}) 9. Nbd2 Bf5 10. Nb3 Qe7 11. Nh4 Be6 12. e4 d4 $2 {[%emt 0:05:09] [#]} (12... dxe4 $11 13. dxe4 a5) 13. c4 (13. b5 $1 $16 Nd8 14. cxd4) 13... Qd7 14. f4 {[%emt 0:08:31] Hoping for f5.} Bh3 15. f5 Bxg2 16. Kxg2 (16. Nxg2 $16 a6 17. Nh4) 16... b6 17. h3 Be7 (17... a5 $11) 18. Nf3 $14 {[%emt 0:00:51] b5 is the strong threat.} Bf8 19. Bg5 Qe7 20. g4 h6 21. Bh4 Qd7 ({Black should play} 21... a6 $14) 22. Bg3 $36 {[%emt 0:01:02][%mdl 2048] Black must now prevent b5. White is on the roll.} Qe7 $2 {[%emt 0:00:48] This move loses the game for Black.} (22... Bd6 $16 {is a better defense.}) 23. b5 $18 Nd8 24. Nxe5 Nd7 25. Nxd7 Qxd7 26. Qf3 c5 (26... a6 $142 27. e5 Ra7) 27. e5 Rc8 28. a4 g6 29. a5 Bg7 30. Rfe1 gxf5 31. gxf5 Nb7 32. axb6 axb6 33. Ra7 Rb8 34. e6 Qe7 35. Bxb8 Rxb8 36. f6 Bxf6 37. Qg3+ {[%emt 0:00:38] White mates.} Bg7 38. Qxb8+ Kh7 39. Rxb7 {[%emt 0:00:11] Weighted Error Value: White=0.19 (very precise) /Black=0.56} 1-0

[Event "FIDE WY-U16 Olympiad 2022"]
[Site "Nakhchivan"]
[Date "2022.10.02"]
[Round "1.26"]
[White "Karsten, Jan"]
[Black "Taspinar, Yanki"]
[Result "1-0"]
[ECO "C50"]
[WhiteElo "1921"]
[BlackElo "2325"]
[Annotator "TA"]
[PlyCount "93"]
[EventDate "2022.10.02"]
[EventType "team-tourn"]
[EventCountry "AZE"]
[SourceTitle "playchess.com"]
[Source "ChessBase"]
[SourceQuality "1"]
[WhiteTeam "South Africa"]
[BlackTeam "Turkey"]
[WhiteTeamCountry "RSA"]
[BlackTeamCountry "TUR"]
[TimeControl "40/5400+30:1800+30"]

1. e4 e5 2. Nf3 Nc6 3. Bc4 Nf6 4. d3 Bc5 5. c3 d6 6. O-O a6 7. a4 {[%emt 0:00:08] C54: Giuoco Piano: 4 c3 Nf6, main lines with 5 d4 and 5 d3.} Ba7 8. Re1 h6 9. Nbd2 {[%emt 0:00:20] White has an edge.} g5 10. b4 g4 11. Nh4 Nxe4 12. Nxe4 Qxh4 13. d4 {[%emt 0:21:00] Threatens to win with b5.} f5 {[%emt 0:10:22] [#]} 14. g3 $146 (14. Ng3 $16) ({Predecessor:} 14. Ng3 f4 15. Bxf4 Rf8 16. Be3 Bd7 17. b5 Na5 18. Bd3 O-O-O 19. bxa6 b6 20. dxe5 dxe5 {1-0 (66) Ragger,M (2687)-Kovalev,V (2683) St Petersburg 2018}) 14... Qd8 15. Nd2 e4 {[%emt 0:08:03] [#]} (15... Qf6 $1 $11 {keeps the balance.}) 16. Qb3 $2 {[%emt 0:12:36] [#]} (16. Nxe4 $1 $16 fxe4 17. Rxe4+ Ne7 18. Qe2) 16... Ne7 (16... Qf6 $1 $17) 17. Bf7+ $11 Kf8 {[%emt 0:00:27] aiming for ...d5.} 18. Bh5 d5 19. Nxe4 fxe4 20. Rxe4 Bf5 21. Rf4 {[%emt 0:03:10] Strongly threatening Qc2.} Kg7 22. Bxg4 Bg6 (22... Qd7 $17 23. Qd1 Bxg4 24. Rxg4+ Ng6) 23. b5 (23. Bd2 $11) 23... Rf8 (23... Bb8 $15 24. bxa6 Rxa6) 24. Rxf8 Qxf8 25. Ba3 {[%emt 0:01:06] Re1 is the strong threat.} Re8 $2 {[%emt 0:00:58][%mdl 8192] [#] White leaves nothing to chance now.} (25... Qf7 $1 $11 {and Black has nothing to worry.}) 26. Re1 $1 $18 {[%emt 0:00:31] Black must now prevent Bd7.} Be4 27. f3 {[%emt 0:00:40] Active counter play!} Bd3 (27... Bf5 $142 28. Bh5 Bg6 29. Bxg6 Kxg6 30. Qc2+ Kf7 31. Qh7+ Qg7 32. Qxg7+ Kxg7) 28. Qd1 Bf5 29. Bxf5 Qxf5 30. Rxe7+ Rxe7 31. Bxe7 axb5 32. axb5 {[%emt 0:00:18][%mdl 4096] Endgame KQB-KQB} Qe6 33. Bb4 Qe8 34. Qd3 Kf6 (34... Qe6 $142 35. Qd2 Bb6) 35. Qd2 Kg6 36. Qd3+ Kf6 $1 37. Kf2 {[%emt 0:00:40] And now Qh7 would win.} Qd7 {[%emt 0:00:37] Against Qh7} 38. Qe3 Kg6 39. Bf8 Kf7 40. Qxh6 Kg8 41. Bb4 {[%emt 0:30:31] White wants to mate with Qf8+.} Qxb5 42. Qg6+ Kh8 43. Be7 {[%emt 0:00:57][%cal Re7f6] White mates.} Qb2+ 44. Kg1 Bxd4+ 45. cxd4 Qxd4+ 46. Kg2 Qd2+ 47. Kh3 {[%emt 0:00:00] Weighted Error Value: White=0.36/Black=0.55} 1-0

[Event "FIDE WY-U16 Olympiad 2022"]
[Site "Nakhchivan"]
[Date "2022.10.02"]
[Round "1.27"]
[White "Camlar, Arda"]
[Black "Badenhorst, Chloe"]
[Result "1-0"]
[ECO "A05"]
[WhiteElo "2322"]
[BlackElo "1751"]
[Annotator "TA"]
[PlyCount "55"]
[EventDate "2022.10.02"]
[EventType "team-tourn"]
[EventCountry "AZE"]
[SourceTitle "playchess.com"]
[Source "ChessBase"]
[SourceQuality "1"]
[WhiteTeam "Turkey"]
[BlackTeam "South Africa"]
[WhiteTeamCountry "TUR"]
[BlackTeamCountry "RSA"]
[TimeControl "40/5400+30:1800+30"]

1. Nf3 Nf6 2. g3 g6 3. Bg2 Bg7 4. O-O O-O 5. c4 d5 6. cxd5 Nxd5 7. Nc3 Nxc3 8. bxc3 c6 9. d4 Nd7 10. e4 e5 11. Ba3 {[%emt 0:13:39] D74: Fianchetto Grünfeld: Main Line (5 Nf3 0-0 6 cxd5 Nxd5 7 0-0).} Re8 12. Qc2 (12. Re1 {looks sharper.} Qa5 13. Qb3 exd4 14. cxd4 Nb6 15. Bb4) 12... exd4 13. cxd4 {[%emt 0:01:22] [#] The position is equal.} Nb6 $146 ({Predecessor:} 13... Qa5 14. Bb2 c5 15. Rfe1 cxd4 16. Bxd4 Bxd4 17. Nxd4 Ne5 18. Nb3 Qb6 19. Rab1 Bg4 {1-0 (34) Valle,E (2139)-Toro Castaneda,E (1995) Medellin 2018}) 14. Rad1 Be6 15. Rfe1 h6 (15... Nc4 $11 {keeps the balance.} 16. Bb4 Rc8) 16. Ne5 $16 Nd7 17. Nc4 {[%emt 0:09:49] White is more active.} Bf8 18. Bb2 Nf6 {[%emt 0:08:09] Against d5} (18... Rc8 $142) 19. d5 cxd5 20. exd5 Bf5 21. Rxe8 Nxe8 22. Qb3 {[%emt 0:02:51] aiming for d6.} Rc8 {[%emt 0:07:12] [#]} (22... Nd6 $16 {is a better defense.}) 23. d6 $1 $18 Be6 {[%emt 0:02:22] [#]} 24. Bd5 ({Wrong is} 24. Qc3 $2 Bg7 25. Qa5 b6 26. Qxa7 Rxc4 $19) 24... Bxd5 25. Rxd5 $40 {[%emt 0:00:36][%mdl 128] Hoping for Ne5. White attacks with force.} Nf6 26. Rd1 Bg7 $2 (26... Nd7 {is tougher.} 27. Qc3 f6) 27. Ne5 Nd7 28. Qxf7+ {[%emt 0:00:37] Weighted Error Value: White=0.09 (flawless) /Black=0.77} 1-0

[Event "FIDE WY-U16 Olympiad 2022"]
[Site "Nakhchivan"]
[Date "2022.10.02"]
[Round "1.27"]
[White "Wang, Pei-Shan"]
[Black "Triboi, Alexander"]
[Result "1/2-1/2"]
[ECO "B02"]
[WhiteElo "1315"]
[BlackElo "2052"]
[Annotator "TA"]
[PlyCount "74"]
[EventDate "2022.10.02"]
[EventType "team-tourn"]
[EventCountry "AZE"]
[SourceTitle "playchess.com"]
[Source "ChessBase"]
[SourceQuality "1"]
[WhiteTeam "South Africa"]
[BlackTeam "Moldova"]
[WhiteTeamCountry "RSA"]
[BlackTeamCountry "MDA"]
[TimeControl "40/5400+30:1800+30"]

1. e4 Nf6 2. Nc3 d6 3. Nf3 g6 4. h3 Bg7 5. Bc4 O-O 6. O-O {[%emt 0:01:10] [#]} Nxe4 $1 {[%emt 0:02:34] B07: Pirc Defence: Miscellaneous Systems.} 7. Nxe4 d5 8. Bd3 dxe4 9. Bxe4 {[%emt 0:00:24] [#]} c5 $146 {[%emt 0:00:45] Against d4} ({Predecessor:} 9... Nd7 10. d4 Nf6 11. Bd3 b6 12. c3 Bb7 13. Re1 c5 14. Be3 Qc7 15. dxc5 bxc5 16. Bc4 Rad8 17. Qe2 h6 18. Rad1 Nd7 19. Bd5 Rb8 20. Bxb7 Rxb7 {1-0 (43) Avramescu,P (2035)-Creanga,R (2053) Chess.com INT 2020}) 10. c3 e5 11. Bc2 f5 (11... Qc7 $15) 12. d3 Nc6 13. Re1 b6 14. Ba4 Qc7 (14... Bd7 $14) 15. Bxc6 Qxc6 16. Nxe5 Qc7 (16... Qd5 $1 $14 17. Qb3 Qxb3 18. axb3 Re8) 17. Nf3 $2 (17. Qb3+ $1 $18 c4 18. Nxc4 (18. Qxc4+ Qxc4 19. Nxc4 Ba6 $16)) 17... h6 18. d4 Bb7 19. dxc5 bxc5 {[%emt 0:00:21] [#]} 20. Qe2 (20. Bf4 $1 $16 Qb6 21. Qb3+ Qxb3 22. axb3) 20... Rad8 {[%emt 0:05:39] [#]} (20... Bd5 $11) 21. Be3 $1 $16 Kh7 22. Rad1 Rde8 (22... Rxd1 $16 23. Rxd1 f4) 23. Qc4 Bxf3 24. gxf3 f4 $2 (24... Rc8 25. Bf4 Qf7) 25. Bxc5 $18 Rxe1+ 26. Rxe1 Rf5 27. b4 ({Don't do} 27. Re8 Qf7 28. Qxf7 Rxf7 $18) 27... Qc6 (27... Be5 $142 28. Qa6 Rf7) 28. Qe4 (28. Re7 $142 {[%cal Oe7g7] Hoping for Rxg7+!} Qxf3 29. Kh2) 28... Qf6 (28... Qd7 {was necessary.} 29. Qe7 Qd5) 29. Rc1 $2 ({White should play} 29. Bd4 $18 Qg5+ 30. Kh2) 29... Qh4 $11 {[%emt 0:01:46] The position is equal.} 30. Kh2 ({Avoid the trap} 30. Bxa7 $2 Qxh3 31. Qxf5 Qxf5 $19) 30... Rh5 31. Qe6 Rxc5 $1 {[%emt 0:00:28][%mdl 64] Remove Defender} 32. bxc5 {[%emt 0:00:58] And now Rg1 would win.} Qxf2+ {[%emt 0:00:02] KQR-KQB} 33. Kh1 {[%emt 0:00:11] aiming for Qd5.} Qxf3+ 34. Kh2 {[%emt 0:03:13] Strongly threatening Rg1.} Qf2+ 35. Kh1 {[%emt 0:00:30] Black must now prevent Rg1.} Qf3+ 36. Kh2 {[%emt 0:01:26] Rg1 is the strong threat.} Qf2+ 37. Kh1 {[%emt 0:00:08] Threatens to win with Rg1.} Qf3+ {[%emt 0:01:11] Black escapes into a draw.  Weighted Error Value: White=0.65/Black=0.45} 1/2-1/2

[Event "FIDE WY-U16 Olympiad 2022"]
[Site "Nakhchivan"]
[Date "2022.10.02"]
[Round "1.28"]
[White "Bargan, Victoria"]
[Black "Goliath, Brimarion"]
[Result "1-0"]
[ECO "D35"]
[WhiteElo "1720"]
[BlackElo "1394"]
[Annotator "NA RC COMBH"]
[PlyCount "121"]
[EventDate "2022.10.02"]
[EventType "team-tourn"]
[EventCountry "AZE"]
[SourceTitle "playchess.com"]
[Source "ChessBase"]
[SourceQuality "1"]
[WhiteTeam "Moldova"]
[BlackTeam "South Africa"]
[WhiteTeamCountry "MDA"]
[BlackTeamCountry "RSA"]
[TimeControl "40/5400+30:1800+30"]

1. d4 d5 2. c4 e6 3. Nc3 Nf6 4. cxd5 exd5 5. Bg5 Be7 6. e3 O-O 7. Bd3 Nbd7 8. Nf3 Re8 9. O-O c6 10. Qc2 h6 11. Bf4 b6 12. Nb5 Bb7 13. Nc7 Rc8 14. Nxe8 Qxe8 15. h3 c5 16. Qb1 c4 17. Bc2 Nf8 18. Ne5 b5 19. a3 a5 20. Re1 b4 21. axb4 Bxb4 22. Rc1 Qb5 23. Qa2 Qb6 24. Rd1 Ne6 25. Bh2 Nc7 26. Bf5 Rd8 27. Bg3 Nb5 28. f3 g6 29. Bc2 c3 30. Be1 Rc8 31. Rab1 Qc7 32. bxc3 Nxc3 33. Bxc3 Qxc3 34. Bd3 Qc7 35. Rbc1 Qb6 36. Rxc8+ Bxc8 37. Qc2 Bb7 38. Bxg6 Kf8 39. Nxf7 Ne4 40. Ne5 Nf6 41. Qf5 Ke7 42. Ng4 Nxg4 43. Qf7+ Kd8 44. hxg4 Bc6 45. Rc1 Bd2 46. Qf6+ Kc7 47. Qe7+ Kb8 48. Qd6+ Kb7 49. Rb1 Bxe3+ 50. Kh1 Bb5 51. Qxb6+ Kxb6 52. Bd3 a4 53. Rxb5+ Kc6 54. Rb4 a3 55. Bb1 Bc1 56. Kg1 Bd2 57. Ra4 Bc1 58. Bd3 Bb2 59. Kf1 a2 60. Ra6+ Kc7 61. Rxa2 1-0